 Dungeon Crawl Stone Soup version 0.28-a0-861-ge64d6db94f (webtiles) character file.

Game seed: 14968671795012727616

556 bande the Chopper (level 7, 0/44 HPs)
             Began as a Gargoyle Fighter on Nov 15, 2021.
             Was an Initiate of Okawaru.
             Slain by a gnoll (2 damage)
             ... on level 4 of the Dungeon.
             The game lasted 00:04:46 (3382 turns).

bande the Chopper (Gargoyle Fighter)                Turns: 3382, Time: 00:04:46

Health: 0/44       AC: 14    Str: 20    XL:     7   Next: 30%
Magic:  7/7        EV:  7    Int:  9    God:    Okawaru [......]
Gold:   332        SH:  4    Dex: 10    Spells: 6/6 levels left

rFire   . . .      SeeInvis .   a - +1 war axe
rCold   . . .      Faith    .   c - +0 buckler
rNeg    + . .      Spirit   .   f - +0 chain mail
rPois   ∞          Reflect  .   (no helmet)
rElec   +          Harm     .   (no cloak)
rCorr   .          Rampage  .   (no gloves)
Will    .....                   (no boots)
Stlth   ..........              (no amulet)
HPRegen 0.14/turn               (no ring)
MPRegen 0.10/turn               (no ring)

@: lit by a corona, glowing
A: sickness immunity, AC +4, negative energy resistance 1, electricity
resistance, torment resistance 1, petrification resistance
a: Renounce Religion


You were on level 4 of the Dungeon.
You worshipped Okawaru.
Okawaru was noncommittal.
You visited 2 branches of the dungeon, and saw 5 of its levels.

You collected 332 gold pieces.

Inventory:

Hand Weapons
 a - a +1 war axe (weapon)
 h - a +0 flail
 j - a +0 war axe
Armour
 c - a +0 buckler (worn)
 f - a +0 chain mail (worn)
Jewellery
 e - a ring of ice
 k - an amulet of magic regeneration
Wands
 m - a wand of polymorph (9)
Potions
 b - 2 potions of berserk rage
 d - a potion of might
 g - a potion of mutation {unknown}
 i - a potion of flight {unknown}
 l - 2 potions of lignification {unknown}
 n - 3 potions of curing


   Skills:
 + Level 4.8 Fighting
 + Level 5.4 Axes
 + Level 4.4 Armour
 + Level 4.2 Shields
 * Level 0.2 Invocations
 * Level 0.4 Evocations


You had 6 spell levels left.
You didn't know any spells.
Your spell library contained the following spells:

 Spells                   Type           Power      Damage    Failure   Level
 Pain                     Necr           0%         1d4       99%         1
 Slow                     Hex            0%         N/A       99%         1
 Confusing Touch          Hex            0%         N/A       100%        3
 Vampiric Draining        Necr           0%         2d6       100%        3
 Yara's Violent Unravell  Hex/Tmut       0%         3d3       100%        5
 Animate Skeleton         Necr           Unusable   N/A       N/A         1

Dungeon Overview and Level Annotations

Branches:
Dungeon (4/15)             Temple (1/1) D:4

Altars:
Fedhas
Okawaru
Vehumet
Xom
Yredelemnul


Innate Abilities, Weirdness & Mutations

You are immune to sickness and miasma.
Your stone body is resilient. (AC +4)
You are immune to poison.
You resist negative energy. (rN+)
You are resistant to electric shocks. (rElec)
You are resistant to unholy torment.
You are immune to petrification.


Message History

You hit the gnoll.
The gnoll is almost dead.
You slash the gnoll shaman!
You kill the gnoll shaman!
Okawaru accepts your kill.
The gnoll hits you but does no damage. x2
The gnoll hits you from afar with a +0 spear.
Unknown command.
You slash the gnoll!
You kill the gnoll!
Okawaru accepts your kill.
The gnoll hits you from afar with a +0 spear. x2
The gnoll hits you with a +0 spear.
There is an open door, spattered with blood here.
Items here: ( )) ††.
You hit the gnoll but do no damage. The gnoll hits you with a +0 spear.
The gnoll hits you but does no damage.
Unknown command.
You hit the gnoll.
The gnoll is lightly wounded.
You block the gnoll's attack. The gnoll hits you with a +0 spear.
* * * LOW HITPOINT WARNING * * *
You closely miss the gnoll.
The gnoll is lightly wounded.
The gnoll hits you with a +0 spear.
* * * LOW HITPOINT WARNING * * *
The gnoll completely misses you.
You barely miss the gnoll. The gnoll hits you with a +0 spear.
* * * LOW HITPOINT WARNING * * *
The gnoll hits you but does no damage.
You hit the gnoll.
The gnoll is lightly wounded.
You block the gnoll's attack.
You slash the gnoll!
The gnoll is almost dead.
The gnoll hits you but does no damage. x2
You closely miss the gnoll.
The gnoll is almost dead.
The gnoll closely misses you. The gnoll hits you with a +0 spear.
You die...

#.# ############
#.# #..........#
#.# #.########.#
#######.####.#
########
.....(....##.#
#<...
#######......# .
#####
######..#####...
.......)#8......
#####
#######.@g...._.
#.... ###8......
##### ####... .


You could see a gnoll (fast).

Vanquished Creatures
  Menkaure (D:4)
  Duvessa (D:4)
  A scorpion (D:4)
  Dowan (D:4)
  A gnoll shaman (D:4)
  An iguana (D:4)
  2 gnolls (D:4)
  6 adders
  An adder skeleton (D:2)
  2 dart slugs
  4 orcs
  10 endoplasms
  4 giant cockroaches
  8 goblins
  5 hobgoblins
  3 jackals (D:4)
  7 kobolds
  2 quokkas
  6 ball pythons
  13 bats
  4 frilled lizards
  5 rats (D:2)
88 creatures vanquished.

Notes
Turn   | Place    | Note
-------+----------+-------------------------------------------
     0 | D:1      | bande the Gargoyle Fighter began the quest for the Orb.
     0 | D:1      | Reached XP level 1. HP: 14/14 MP: 1/1
    44 | D:1      | Reached XP level 2. HP: 10/19 MP: 2/2
   247 | D:1      | Reached skill level 2 in Axes
   571 | D:1      | Found a faded altar of an unknown god.
   577 | D:1      | Reached XP level 3. HP: 21/24 MP: 3/3
  1220 | D:2      | Reached XP level 4. HP: 29/29 MP: 4/4
  1727 | D:3      | Reached skill level 3 in Axes
  2168 | D:3      | Reached XP level 5. HP: 33/33 MP: 5/5
  2372 | D:4      | Noticed Menkaure
  2379 | D:4      | Reached skill level 4 in Axes
  2382 | D:4      | Killed Menkaure
  2383 | D:4      | Reached XP level 6. HP: 19/39 MP: 6/6
  2750 | D:4      | Noticed Duvessa
  2750 | D:4      | Noticed Dowan
  2762 | D:4      | Killed Dowan
  2764 | D:4      | Killed Duvessa
  2765 | D:4      | Reached skill level 5 in Axes
  2765 | D:4      | Reached XP level 7. HP: 44/44 MP: 7/7
  3156 | D:4      | Found a staircase to the Ecumenical Temple.
  3163 | Temple   | Entered the Ecumenical Temple
  3216 | Temple   | Became a worshipper of Warmaster Okawaru
  3356 | D:4      | Found a shimmering altar of Xom.
  3379 | D:4      | HP: 1/44 [gnoll (5)]
  3382 | D:4      | Slain by a gnoll

Illustrated notes

Levels and vault maps discovered:
D:1:      onia_arrival_pyramid, layout_rooms, ebering_ecumenical_altar_ruins,
          minmay_vboxes
D:2:      layout_rooms
D:3:      minmay_door_path, layout_rooms, item_on_display_a
D:4:      layout_loops_ring, doesnt_xom_only_xom, minmay_temple_entry_tees,
          minmay_fractal_squares_5, uniq_menkaure, uniq_duvessa
Temple:   roderic_octagonal_lattice_temple

Skill      XL: |  1  2  3  4  5  6 |
---------------+-------------------+-----
Axes           | 2 3 4 5 |  5.4
Armour         | 4 |  4.4
Fighting       | 4 |  4.8
Shields        | 4 |  4.2
Invocations    | |  0.2
Evocations     | |  0.4

Action                   |  1- 3 |  4- 6 |  7- 9 || total
-------------------------+-------+-------+-------++-------
Melee: War axe           |   111 |   132 |    20 ||   263
  Use: Scroll            |     2 |     3 |     1 ||     6
Armor: Scale mail        |    13 |       |       ||    13
       Chain mail        |    91 |    88 |    12 ||   191
       Skin              |       |    15 |       ||    15
Dodge: Dodged            |    66 |    56 |     6 ||   128
Block: Buckler           |    21 |    32 |     6 ||    59

Table legend: (Time is in decaauts)
 A = Elapsed time spent in this place.
 B = Non-inter-level travel time spent in this place.
 C = Inter-level travel time spent in this place.
 D = Time resting spent in this place.
 E = Time spent auto-exploring this place.
 F = Levels seen in this place.
 G = Mean time per level.
                   A        B        C        D        E       F      G
               +--------+--------+--------+--------+--------+-----+--------+
         Total |   3475 |   3449 |     26 |    974 |   1766 |   5 |  695.0 |
       Dungeon |   3406 |   3406 |      0 |    974 |   1731 |   4 |  851.5 |
        Temple |     68 |     42 |     26 |      0 |     35 |   1 |   68.0 |
               +--------+--------+--------+--------+--------+-----+--------+

Top non-repeatable levels by time:
     D:4: 1144 daAuts
     D:1: 1067 daAuts
     D:3: 695 daAuts
     D:2: 498 daAuts
  Temple: 68 daAuts
